Map: Atrapasueños EJ

Players

Inti - Winner!

  • Race: Protoss Protoss
  • Spawn Location: 11:00

Kova

  • Race: Zerg Zerg
  • League: Gold
  • Spawn Location: 5:00

VOD

Have the link to the VOD?

Description

Time

  • Played on: July 21, 2018, 4:21 p.m.
  • Length: 7:22
Show
View Real Time Build Order
Export as new Build Order

Inti Protoss - Winner!

Build Orders: 1 Gate Expand, Dark Templar Rush 

Get SALT Encoding   

  12  0:02  Probe  
  13  0:14  Probe  
  14  0:24  Pylon  
  14  0:27  Probe  
  15  0:42  Probe  
  16  0:51  Gateway  
  16  0:54  Probe  
  17  0:58  Assimilator  
  17  1:04  Assimilator  
  18  1:11  Probe  
  18  1:20  Probe  
  19  1:28  Probe  
  20  1:35  Nexus  
  20  1:51  Zealot  
  20  1:54  Cybernetics Core  
  20  1:56  Pylon  
  22  2:05  Probe  
  23  2:13  Probe  
  23  2:22  Probe  
  25  2:31  Warp Gate  
  25  2:34  Probe  
  26  2:37  Pylon  
  26  2:46  Probe  
  27  2:51  Pylon  
  27  2:56  Twilight Council  
  27  2:58  Probe  
  27  3:00  Probe  
  27  3:01  Adept  
  31  3:09  Gateway  
  31  3:12  Gateway  
  31  3:20  Probe x2  
  33  3:30  Charge  
  33  3:32  Assimilator  
  33  3:35  Dark Shrine  
  33  3:42  Probe x2  
  33  3:44  Zealot  
  37  4:01  Gateway  
  37  4:03  Robotics Facility  
  37  4:04  Probe x2  
  39  4:13  Assimilator  
  37  4:27  Pylon  
  37  4:29  Shadow Stride  
  37  4:49  Warp Prism  
  39  4:54  Probe  
  39  4:56  Zealot x3  
  46  5:05  Dark Templar  
  46  5:06  Probe x2  
  50  5:19  Dark Templar  
  50  5:20  Dark Templar  
  54  5:22  Nexus  
  54  5:30  Pylon  
  54  5:33  Dark Templar  
  56  5:43  Dark Templar  
  58  5:50  Probe x2  
  58  5:53  Immortal  
  64  6:02  Probe  
  65  6:06  Dark Templar x2  
  65  6:24  Dark Templar  
  65  6:25  Zealot  
  65  6:36  Probe  
  65  6:37  Probe x2  
  68  6:42  Pylon  
  64  6:49  Probe x2  
  66  6:57  Zealot x4  
Show
View Real Time Build Order
Export as new Build Order

Kova Zerg 

Build Orders: Hatch First 

Get SALT Encoding   

  12  0:01  Drone  
  13  0:13  Overlord  
  13  0:17  Drone  
  14  0:31  Drone x2  
  16  0:36  Drone  
  17  0:57  Hatchery, Drone  
  17  1:06  Drone  
  18  1:14  Spawning Pool  
  17  1:20  Drone x2  
  19  1:28  Extractor  
  19  1:29  Drone  
  19  1:40  Overlord  
  19  1:51  Drone  
  20  2:00  Queen  
  22  2:02  Drone  
  23  2:08  Queen  
  23  2:12  Drone x2  
  27  2:20  Drone  
  28  2:35  Metabolic Boost  
  28  2:39  Zergling x6  
  28  2:43  Queen  
  33  2:44  Queen  
  33  2:47  Overlord  
  33  2:50  Extractor  
  34  2:54  Drone x2  
  36  3:06  Extractor  
  36  3:08  Drone x3  
  38  3:14  Drone x3  
  38  3:15  Drone  
  38  3:18  Overlord  
  42  3:24  Overlord  
  42  3:31  Queen  
  44  3:44  Drone x3  
  44  3:45  Drone x2  
  44  3:46  Drone  
  50  3:51  Overlord  
  50  3:56  Overlord  
  50  4:01  Evolution Chamber  
  49  4:05  Evolution Chamber  
  49  4:09  Extractor  
  47  4:15  Roach Warren  
  45  4:28  Drone x3  
  45  4:29  Drone x2  
  45  4:30  Drone x2  
  45  4:31  Zergling x4  
  54  4:42  Overlord  
  54  4:43  Overlord  
  54  4:44  Zerg Missile Weapons Level 1  
  54  4:50  Zerg Ground Armor Level 1  
  54  4:52  Drone  
  55  4:59  Roach x2  
  59  5:00  Roach  
  59  5:03  Roach  
  59  5:05  Roach  
  65  5:22  Queen  
  65  5:25  Hatchery  
  66  5:37  Drone x3  
  66  5:38  Drone  
  66  5:39  Overlord x2  
  70  5:43  Lair  
  70  5:45  Roach  
  70  5:48  Roach  
  74  5:56  Roach x2  
  78  5:57  Roach  
  78  6:00  Ravager x2  
  78  6:01  Ravager x3  
  75  6:25  Spore Crawler  
  52  6:37  Spore Crawler  
  50  6:40  Overseer  
  42  6:50  Roach x7  
Tags
 
Add a new tag
Caveats
  • Supply blocks, unpowered buildings, or Contaminate may cause inaccurate times.
  • Supply counts are checked every 10 seconds.